AoeStats
← Gandalf

Arabia

507365413Analyzed
2v2 RM · 15d ago on Sep 17, 2026· 73m 58s· 4 players
Game mode
Random Map
Map size
Medium (4 player)
Population
200
Speed
Normal
Resources
Standard
Victory
Conquest
Starting age
Dark Age
Ending age
Imperial Age
RankedLock teamsTeams togetherTeam positionsShared explorationLock speedFull tech treeHidden civsTurbo modeCheats
Victory
Defeat
🇪🇨 Malay · Ecuador
694
+17
🇪🇨 Italians · Ecuador
674
+18
🇧🇷 Vietnamese · Brazil
725
-18
🇧🇷 Burgundians · Brazil
711
-17
riverpull_2004
2:58 Loom
10:01 Feudal Age
22:59 Castle Age
23:27 Forging
23:29 Bloodlines
25:01 Scale Barding Armor
30:43 Horse Collar
35:46 Wheelbarrow
34:57 Town Watch
41:58 Imperial Age
40:46 Double-Bit Axe
41:31 Light Cavalry
44:44 Hussar
49:13 Iron Casting
48:58 Chain Barding Armor
51:43 Blast Furnace
54:18 Heavy Plow
54:47 Bow Saw
54:29 Gold Mining
54:29 Stone Mining
55:11 Husbandry
60:35 Cavalier
62:46 Plate Barding Armor
62:03 Fletching
62:13 Padded Archer Armor
65:00 Conscription
65:53 Chemistry
65:13 Ballistics
64:34 Treadmill Crane
64:50 Murder Holes
65:05 Masonry
65:09 Fortified Wall
matiax171
9:30 Feudal Age
9:26 Double-Bit Axe
14:39 Loom
14:48 Man-at-Arms
23:55 Castle Age
22:09 Horse Collar
24:20 Heavy Plow
24:24 Gold Mining
24:46 Stone Mining
26:37 Wheelbarrow
26:24 Crossbowman
29:50 Stone Shaft Mining
32:58 Gold Shaft Mining
38:25 Imperial Age
38:49 Long Swordsman
39:50 Hand Cart
44:58 Cavalier
46:52 Pikeman
54:22 Bow Saw
54:40 Halberdier
57:21 Forging
62:02 Iron Casting
62:22 Forced Levy
64:16 Blast Furnace
62:41 Two-Handed Swordsman
72:16 Crop Rotation
73:15 Squires
marcosjesse
0:34 Loom
11:49 Feudal Age
23:21 Castle Age
23:38 Wheelbarrow
28:04 Double-Bit Axe
38:50 Light Cavalry
40:28 Forging
40:40 Crossbowman
46:52 Imperial Age
47:49 Wheelbarrow
48:48 Capped Ram
52:32 Arbalester
54:02 Bow Saw
53:38 Horse Collar
55:27 Heavy Plow
54:58 Pikeman
55:39 Squires
Gandalf
1:05 Loom
2:10 Loom
8:52 Wheelbarrow
8:11 Double-Bit Axe
10:07 Wheelbarrow
14:51 Feudal Age
23:44 Wheelbarrow
29:05 Castle Age
27:57 Gold Mining
27:59 Stone Mining
28:47 Man-at-Arms
30:20 Squires
33:21 Horse Collar
37:32 Bow Saw
37:54 Pikeman
38:55 Long Swordsman
41:36 Elite Skirmisher
45:48 Town Watch
46:36 Heavy Plow
51:57 Imperial Age
49:43 Hand Cart
52:05 Two-Handed Swordsman
53:08 Forging
52:58 Scale Mail Armor
52:50 Fletching
53:00 Padded Archer Armor
53:26 Light Cavalry
56:53 Cavalier
64:03 Capped Ram
66:28 Conscription
67:29 Caravan
70:02 Stone Shaft Mining
70:02 Gold Shaft Mining
70:42 Iron Casting
70:22 Chain Mail Armor
70:48 Crop Rotation
70:25 Halberdier
71:52 Ballistics
72:49 Town Patrol
Connection lost

Rejoining the realm…

Still unreachable

The connection could not be restored.

Session expired

The server has moved on; the page needs a fresh start.